AoeStats
← [AirBo]一大包

Nomad

505243546Analyzed
4v4 RM · 23d ago on Sep 8, 2026· 31m 6s· 8 players
Game mode
Random Map
Map size
231×231
Population
200
Speed
Normal
Resources
Standard
Victory
Conquest
Starting age
Dark Age
Ending age
Imperial Age
RankedLock teamsTeams togetherTeam positionsShared explorationLock speedFull tech treeHidden civsTurbo modeCheats
Victory
Defeat
🇨🇳 Magyars · China
1719
+12
🇦🇷 Franks · Argentina
1654
+14
🇨🇳 Dravidians · China
1630
+15
🇨🇳 Persians · China
1611
+16
🇦🇷 Muisca · Argentina
1678
-17
🇭🇰 Sicilians · Hong Kong SAR China
1662
-16
🇹🇼 Hindustanis · Taiwan
1565
-12
🇹🇼 Italians · Taiwan
1554
-12
gjizhijian6866
9:17 Loom
11:15 Loom
13:37 Feudal Age
17:27 Castle Age
15:35 Double-Bit Axe
17:27 Forging
20:02 Medium Warships
28:18 Scale Barding Armor
29:45 Wheelbarrow
30:17 Town Watch
lazypig
13:19 Feudal Age
12:48 Loom
13:49 Double-Bit Axe
17:24 Castle Age
17:20 Gold Mining
18:35 Bow Saw
18:49 Horse Collar
20:18 Wheelbarrow
24:20 Heavy Plow
24:56 Gold Shaft Mining
25:08 Town Watch
25:45 Forging
25:22 Fishing Lines
26:56 Medium Warships
30:08 Imperial Age
28:32 Hand Cart
28:27 Scale Barding Armor
28:55 Forging
29:10 Bloodlines
30:03 Chain Barding Armor
30:53 Iron Casting
29:47 Cavalier
30:27 Husbandry
32:00 Plate Barding Armor
爱人跟人走
4:56 Loom
13:57 Feudal Age
14:38 Double-Bit Axe
16:36 Fishing Lines
17:32 Town Watch
20:33 Castle Age
22:02 Wheelbarrow
21:39 Bow Saw
21:09 Horse Collar
22:04 Gillnets
23:23 Medium Warships
30:41 Imperial Age
28:48 Fletching
29:52 Heavy Plow
Long-Long-Way
12:36 Feudal Age
13:34 Double-Bit Axe
17:32 Loom
18:55 Fishing Lines
22:30 Castle Age
23:33 Bow Saw
24:15 Wheelbarrow
24:28 Forging
25:04 Medium Warships
25:56 Iron Casting
25:27 Town Watch
25:36 Gillnets
27:40 Hand Cart
28:07 Stone Mining
[AirBo]一大包
4:02 Loom
5:16 Loom
12:52 Feudal Age
16:33 Castle Age
15:04 Fletching
17:40 Bodkin Arrow
18:28 Double-Bit Axe
18:25 Horse Collar
20:04 Bow Saw
28:52 Wheelbarrow
33:18 Imperial Age
甜心包
3:52 Loom
15:08 Feudal Age
18:49 Castle Age
16:42 Double-Bit Axe
16:51 Gold Mining
18:27 Fishing Lines
19:55 Medium Warships
20:04 Bow Saw
21:27 Town Watch
29:20 Stone Mining
29:24 Horse Collar
30:12 Heavy Plow
[AirBo]實心包
7:24 Loom
13:43 Feudal Age
17:36 Castle Age
27:37 Town Watch
29:29 Fletching
[AirBo]空氣包
5:04 Loom
13:52 Feudal Age
17:43 Castle Age
15:46 Double-Bit Axe
18:54 Fletching
19:11 Town Watch
20:35 Bodkin Arrow
25:27 Ballistics
25:52 Padded Archer Armor
25:53 Town Watch
Connection lost

Rejoining the realm…

Still unreachable

The connection could not be restored.

Session expired

The server has moved on; the page needs a fresh start.